 Dungeon Crawl Stone Soup version 0.19-a0-277-g85cb9a5 (webtiles) character file.

128 George the Slasher (level 4, -2/33 HPs)
             Began as a Demonspawn Gladiator on May 26, 2016.
             Slain by a goblin (3 damage)
             ... led by Robin
             ... on level 4 of the Dungeon.
             The game lasted 00:04:00 (2519 turns).

George the Slasher (Demonspawn Gladiator)           Turns: 2519, Time: 00:04:01

Health: -2/33      AC: 10    Str: 16    XL:     4   Next: 86%
Magic:  4/4        EV:  8    Int:  9    God:
Gold:   149        SH:  0    Dex: 14    Spells: 0 memorised, 3 levels left

rFire  . . .     SeeInvis .     a - +0 long sword
rCold  . . .     Gourm    .     j - +0 chain mail
rNeg   . . .     Faith    .     (no shield)
rPois  .         Spirit   .     c - +0 helmet
rElec  .         Dismiss  .     (no cloak)
rCorr  .         Reflect  .     p - +0 pair of gloves
SustAt .         Harm     .     (no boots)
MR     .....                    (no amulet)
Stlth  ..........               (no ring)
                                h - +1 ring of evasion

@: not resistant to hostile enchantments, extremely unstealthy
A: hooves 1
a: no special abilities


You were on level 4 of the Dungeon.
You were not hungry.

You visited 1 branch of the dungeon, and saw 4 of its levels.

You collected 149 gold pieces.

Inventory:

Hand Weapons
 a - a +0 long sword (weapon)
 t - a +1 short sword of protection
Missiles
 d - 3 throwing nets (quivered)
Armour
 c - a +0 helmet (worn)
 j - a +0 chain mail (worn)
 p - a +0 pair of gloves (worn)
 v - a +0 plate armour
Jewellery
 h - a +1 ring of evasion (left hand)
Scrolls
 k - a scroll of recharging {unknown}
 n - 2 scrolls of identify {unknown}
 q - a scroll of teleportation {unknown}
 r - 2 scrolls of blinking {unknown}
 y - a scroll of remove curse {unknown}
Potions
 i - a potion of degeneration {unknown}
 o - a potion of lignification {unknown}
 s - a potion of cancellation {unknown}
 u - 2 potions of curing
 x - a potion of cure mutation {unknown}
 z - a potion of resistance {unknown}
 A - 2 potions of agility {unknown}
Comestibles
 f - 2 bread rations
 m - 2 meat rations
 B - 3 chunks of flesh


   Skills:
 - Level 2.0 Fighting
 + Level 5.1 Long Blades
 - Level 1.7 Throwing
 - Level 2.6 Dodging


You had 3 spell levels left.
You didn't know any spells.

Dungeon Overview and Level Annotations

Branches:
Dungeon (4/15)
 Temple: D:4-7

Altars:
Okawaru
Trog
Ukayaw

Annotations:
D:4 Robin


Innate Abilities, Weirdness & Mutations

You have large cloven feet.


Message History

The goblin barely misses you.
Drink which item? (? for menu, Esc to quit)
It was a potion of curing.
You feel better. The hobgoblin hits you.
* * * LOW HITPOINT WARNING * * *
The hobgoblin misses you. The goblin closely misses you.
Robin hits you but does no damage. The goblin closely misses you.
The hobgoblin hits you but does no damage.
The goblin hits you.
* * * LOW HITPOINT WARNING * * *
Unknown command.
Your chain mail prevents you from hitting Robin.
Your kick misses Robin.
Robin is moderately wounded.
The hobgoblin misses you.
Robin hits you with a spear of piercing.
* * * LOW HITPOINT WARNING * * *
x2 The goblin barely misses you.
The hobgoblin hits you with a club.
* * * LOW HITPOINT WARNING * * *
The goblin hits you.
You die...

## ##..###### ###
.....ggg.###.#####
.....gg@g........######
......ggg...####..)...##
.......g....# #######..
............# ###
............#
...........##
...........#
..........##


You could see Robin, 3 hobgoblins and 6 goblins.

Vanquished Creatures
  3 adders
  3 oozes
  A worm (D:2)
  4 dart slugs
  3 giant geckos
  2 orcs (D:3)
  3 ball pythons
  2 giant cockroaches
  6 hobgoblins
  7 jackals
  3 bats
  14 goblins
  9 kobolds
  7 rats
67 creatures vanquished.

Notes
Turn   | Place    | Note
--------------------------------------------------------------
     0 | D:1      | George the Demonspawn Gladiator began the quest for the Orb.
     0 | D:1      | Reached XP level 1. HP: 16/16 MP: 1/1
    44 | D:1      | Reached skill level 3 in Long Blades
   190 | D:1      | Gained mutation: You have large cloven feet. [demonic ancestry]
   190 | D:1      | Reached XP level 2. HP: 20/22 MP: 2/2
   423 | D:1      | Reached XP level 3. HP: 17/27 MP: 3/3
   755 | D:2      | Reached skill level 4 in Long Blades
  1542 | D:2      | Reached XP level 4. HP: 30/33 MP: 4/4
  1935 | D:3      | Found a bloodstained altar of Trog.
  1938 | D:3      | Found a hide-covered altar to Ukayaw.
  2006 | D:3      | Found a faded altar to an unknown god.
  2067 | D:3      | Reached skill level 5 in Long Blades
  2178 | D:3      | Found an iron altar of Okawaru.
  2506 | D:4      | Noticed Robin
  2519 | D:4      | HP: 1/33 [hobgoblin/club[Robin] (4)]
  2519 | D:4      | Slain by a goblin

Vault maps used:
D:1:      mushboom_english_gardens, minmay_misc_feat_cross
D:2:      first_bread
D:3:      okawaru_altar_gauntlet_db, minitemple, ecumenical_altar_2,
          small_statue_intersection
D:4:      uniq_robin

Skill      XL: |  1  2  3  4 |
---------------+-------------+-----
Long Blades    | 3 4 5 |  5.1
Fighting       | |  2.0
Throwing       | |  1.7
Dodging        | |  2.6

Action                   |  1- 3 |  4- 6 || total
-------------------------+-------+-------++-------
Melee: Long sword        |   138 |   130 ||   268
       Kick              |    29 |    27 ||    56
  Use: Potion            |       |     1 ||     1
  Eat: Pizza             |     1 |       ||     1
       Chunk             |       |     4 ||     4
Armor: Leather armour    |    13 |       ||    13
       Chain mail        |    68 |   106 ||   174
Dodge: Dodged            |    79 |    91 ||   170
